[Event "Titled Tuesday Blitz February 21 Late 2023"]
[White "Milikow, Yoav"]
[Black "Ibadov, Dashgyn"]
[WhiteFideId "2822237"]
[BlackFideId "24107514"]
[WhiteElo "2394"]
[BlackElo "2391"]
[Result "1-0"]
[Round "04"]
[TimeControl "180+2"]
[Date "2023.02.21"]
[WhiteClock "0:00:12"]
[BlackClock "0:00:01"]

1. d4 Nf6 2. c4 c5 3. d5 d6 4. Nc3 g6 5. e4 Bg7 6. Be2 O-O 7. Nf3 e6 8. Be3 exd5 9. cxd5 Bg4 10. Nd2 Bxe2 11. Qxe2 Nbd7 12. O-O a6 13. a4 Rb8 14. Nc4 Ne8 15. Bf4 Qe7 16. Kh1 Ne5 17. Nb6 f5 18. exf5 Rxf5 19. Bg3 Qc7 20. a5 Nf6 21. f4 Ned7 22. Bh4 Re8 23. Qf3 h5 24. Nc4 Ne5 25. fxe5 dxe5 26. Qe2 Ng4 27. Bg3 Qd8 28. h3 Nh6 29. d6 h4 30. Bf2 Rg5 31. Ne4 Rf5 32. Bxc5 Rxf1+ 33. Rxf1 Nf5 34. Bb6 Qd7 35. Qg4 Rf8 36. Qxg6 Ng3+ 37. Nxg3 1-0


[Site "https://www.chess.com"]

[Event "Titled Tuesday Blitz February 21 Late 2023"]
[White "Defend, Balint"]
[Black "Maksimovic, Bojan"]
[WhiteFideId "17004853"]
[BlackFideId "14408120"]
[WhiteElo "1673"]
[BlackElo "2486"]
[Result "1-0"]
[Round "04"]
[TimeControl "180+2"]
[Date "2023.02.21"]
[WhiteClock "0:00:52"]
[BlackClock "0:01:35"]

1. e4 c5 2. Nf3 Nc6 3. Bb5 e6 4. O-O Nge7 5. Re1 a6 6. Bf1 d5 7. exd5 Nxd5 8. d4 Nf6 9. Be3 Be7 10. dxc5 Qxd1 11. Rxd1 Ng4 12. Bf4 Bxc5 13. Bg3 h5 14. h3 h4 15. Nxh4 Nxf2 16. Bxf2 Bxf2+ 17. Kxf2 Rxh4 18. g3 Rd4 19. Nc3 Ke7 20. Bg2 Rd3 21. Rxd3 Bd7 22. Rad1 Be8 23. Ne4 Ne5 24. Rd4 Rc8 25. c3 Rc7 26. Nd6 Bc6 27. Re1 Bxg2 28. Kxg2 Nc6 29. Rd2 Na5 30. Re4 b5 31. Nf5+ Kf6 32. Ne3 Rb7 33. h4 Ke7 34. Red4 Nc6 35. Rg4 g6 36. Re4 a5 37. Nd5+ Kf8 38. Nf6 Ke7 39. Nh7 b4 40. Ng5 bxc3 41. bxc3 Rb1 42. Rf2 Nd8 43. Ref4 f5 44. Ra4 Rb5 45. Re2 Kf6 46. Rd4 Ke7 47. Red2 Nb7 48. Rd7+ Kf6 49. Re2 Nd8 50. Rxd8 e5 51. Rd7 e4 52. Red2 f4 53. Rf7+ Ke5 54. gxf4# 1-0


[Site "https://www.chess.com"]

[Event "Titled Tuesday Blitz February 21 Late 2023"]
[White "Kaplan, Avi Harrison"]
[Black "Bilych, Olexiy"]
[WhiteFideId "30934559"]
[BlackFideId "14156504"]
[WhiteElo "2146"]
[BlackElo "2441"]
[Result "0-1"]
[Round "04"]
[TimeControl "180+2"]
[Date "2023.02.21"]
[WhiteClock "0:00:52"]
[BlackClock "0:01:31"]

1. e4 e5 2. c4 Nf6 3. Nc3 Bc5 4. g3 d6 5. Bg2 Nc6 6. Nge2 Nd4 7. O-O c6 8. d3 Bg4 9. Be3 Nxe2+ 10. Nxe2 Bxe3 11. fxe3 Qd7 12. Qd2 h5 13. d4 h4 14. dxe5 dxe5 15. Qxd7+ Nxd7 16. Nc3 hxg3 17. hxg3 Nc5 18. Bf3 Bxf3 19. Rxf3 Ke7 20. Rd1 Rh3 21. Kg2 Rah8 22. Rf2 Rh2+ 23. Kf3 Rxf2+ 24. Kxf2 Rh2+ 25. Kf3 Rxb2 26. Rb1 Rxb1 27. Nxb1 Ne6 28. Kg4 g6 29. Nd2 Kd6 30. Nb3 b6 31. Kf3 a5 32. Ke2 a4 33. Nd2 Kc5 34. Kd3 Kb4 35. Kc2 Ka3 36. Kb1 Nc5 37. g4 g5 38. Ka1 b5 39. cxb5 cxb5 40. Kb1 Kb4 41. Kc2 f6 42. Kb2 Nd3+ 43. Kc2 Nf2 44. Kb2 Nxg4 45. a3+ Kc5 46. Nf1 Nf2 47. Kc3 Nxe4+ 48. Kd3 Nd6 49. Kc2 e4 50. Kb1 f5 51. Nh2 Nc4 52. Kc2 Nxe3+ 53. Kb2 Nc4+ 54. Ka2 g4 55. Nf1 f4 56. Nh2 g3 57. Nf1 g2 58. Nh2 g1=Q 59. Nf1 Qf2+ 60. Kb1 Qb2# 0-1


[Site "https://www.chess.com"]

[Event "Titled Tuesday Blitz February 21 Late 2023"]
[White "Hambleton, Aman"]
[Black "Nygren, Kim"]
[WhiteFideId "2606577"]
[BlackFideId "1706136"]
[WhiteElo "2420"]
[BlackElo "2183"]
[Result "1-0"]
[Round "04"]
[TimeControl "180+2"]
[Date "2023.02.21"]
[WhiteClock "0:00:02"]
[BlackClock "0:00:01"]

1. d4 Nf6 2. Bf4 g6 3. Nc3 c5 4. e3 Bg7 5. Nf3 O-O 6. h3 cxd4 7. exd4 d6 8. Be2 Qb6 9. a3 Bf5 10. Rb1 Ne4 11. Nxe4 Bxe4 12. O-O Nc6 13. d5 Nd4 14. Nxd4 Bxd4 15. Bf3 Bf5 16. g4 Bd7 17. c3 Bg7 18. Re1 Rfe8 19. Qd2 a5 20. Bg5 Bf8 21. Re4 Rac8 22. Rbe1 e6 23. dxe6 Rxe6 24. Be3 Qc6 25. Bd4 d5 26. Rxe6 Bxe6 27. Qf4 Bc5 28. Rd1 Bxd4 29. Rxd4 Qb6 30. Qd2 Rc5 31. Kg2 Kg7 32. Kg3 h6 33. h4 Qc7+ 34. Qf4 Qb6 35. Qe5+ Kg8 36. Qe2 Qd6+ 37. Kg2 b5 38. Qe3 Kg7 39. g5 hxg5 40. hxg5 Rc4 41. Be2 Rc5 42. b4 axb4 43. axb4 Rc8 44. Bxb5 Rh8 45. Qg3 Qxg3+ 46. fxg3 Rc8 47. Rd3 Bf5 48. Re3 Be4+ 49. Kf2 Ra8 50. Bc6 Ra2+ 51. Ke1 Ra1+ 52. Kd2 Ra2+ 53. Kc1 Rc2+ 54. Kd1 Rg2 55. b5 Rb2 56. c4 f5 57. cxd5 1-0


[Site "https://www.chess.com"]

[Event "Titled Tuesday Blitz February 21 Late 2023"]
[White "Drnovsek, Gal"]
[Black "Golubka, Petro"]
[WhiteFideId "14607077"]
[BlackFideId "14114224"]
[WhiteElo "2397"]
[BlackElo "2371"]
[Result "0-1"]
[Round "04"]
[TimeControl "180+2"]
[Date "2023.02.21"]
[WhiteClock "0:01:19"]
[BlackClock "0:01:02"]

1. e4 c5 2. c3 e5 3. Nf3 Nc6 4. Bc4 Bd6 5. d3 Nf6 6. Nbd2 O-O 7. Nf1 Na5 8. Bb5 a6 9. Ba4 b5 10. Bc2 Bc7 11. Ne3 d5 12. exd5 Nxd5 13. d4 exd4 14. cxd4 cxd4 15. Nxd4 Nxe3 16. Bxe3 Nc4 17. Qd3 g6 18. O-O-O Qf6 19. Bh6 Bf4+ 20. Bxf4 Qxf4+ 21. Kb1 Qxf2 22. Rhf1 Qxg2 23. Nf5 Bxf5 24. Rxf5 Rad8 25. Qf1 Rxd1+ 0-1


[Site "https://www.chess.com"]

[Event "Titled Tuesday Blitz February 21 Late 2023"]
[White "Koziorowicz, Michal"]
[Black "Filgueira, Hernan"]
[WhiteFideId "21809194"]
[BlackFideId "101770"]
[WhiteElo "2307"]
[BlackElo "2283"]
[Result "1-0"]
[Round "04"]
[TimeControl "180+2"]
[Date "2023.02.21"]
[WhiteClock "0:00:58"]
[BlackClock "0:00:07"]

1. Nc3 d6 2. e4 Nf6 3. d4 e5 4. Nf3 Nbd7 5. Bc4 Be7 6. O-O O-O 7. a4 c6 8. h3 a5 9. Be3 h6 10. Bb3 exd4 11. Nxd4 Nc5 12. f3 Nxb3 13. Nxb3 Re8 14. Bf2 Bf8 15. Re1 Be6 16. Nd4 d5 17. Nxe6 Rxe6 18. exd5 Rxe1+ 19. Qxe1 Nxd5 20. Rd1 Bb4 21. Bd4 Qg5 22. Ne4 Qg6 23. c3 Bf8 24. Qg3 Qxg3 25. Nxg3 Re8 26. Kf2 c5 27. Bxg7 Nf4 28. Bxf8 Kxf8 29. c4 Re6 30. Ne4 Rb6 31. Kg3 Ne6 32. Rd7 Rxb2 33. Nd6 Nd4 34. Rxf7+ Kg8 35. Rxb7 1-0


[Site "https://www.chess.com"]

[Event "Titled Tuesday Blitz February 21 Late 2023"]
[White "Berezin, Viktor"]
[Black "Horvath, Dominik"]
[WhiteFideId "14107872"]
[BlackFideId "1642561"]
[WhiteElo "2307"]
[BlackElo "2523"]
[Result "0-1"]
[Round "04"]
[TimeControl "180+2"]
[Date "2023.02.21"]
[WhiteClock "0:00:01"]
[BlackClock "0:00:11"]

1. d4 Nf6 2. Nf3 g6 3. g3 Bg7 4. Bg2 O-O 5. O-O b5 6. a4 b4 7. Ne5 c6 8. a5 Ba6 9. Nd3 Bxd3 10. Qxd3 Qc8 11. a6 d6 12. Bd2 Nbd7 13. Bxb4 Rb8 14. Bc3 c5 15. dxc5 Nxc5 16. Qc4 Nce4 17. Qxc8 Rfxc8 18. Bd4 Nc5 19. Nd2 Nfd7 20. Bxg7 Kxg7 21. Rfb1 Rb6 22. b4 Nxa6 23. b5 Nab8 24. c4 a6 25. bxa6 Nxa6 26. Rxb6 Nxb6 27. Rxa6 Nxc4 28. Nxc4 Rxc4 29. Bf3 h5 30. Kg2 Kf6 31. h4 Rc3 32. e3 Rc5 33. Ra7 Rc3 34. Be4 Rc5 35. Kf3 Rc3 36. Ke2 Rc5 37. Kd3 Rb5 38. Rc7 Rb2 39. Rc2 Rb3+ 40. Ke2 Rb4 41. Bd5 Rb5 42. Bc4 Rb4 43. Kd3 Ra4 44. Rb2 Ra3+ 45. Rb3 Ra2 46. f3 Rg2 47. Rb8 Rxg3 48. Rf8 e6 49. f4 Rh3 50. Bb5 Rxh4 51. Ke4 Rh1 52. Rd8 Rd1 53. Be2 Rd2 54. Kf3 Ke7 55. Ra8 e5 56. fxe5 dxe5 57. Ra7+ Kf6 58. Ra6+ Kg5 59. Ra5 f6 60. Bf1 h4 61. Bh3 Rh2 62. Bg2 h3 63. Bf1 Rh1 64. Kf2 Kf5 65. Ra8 g5 66. Bd3+ e4 67. Bb5 Kg4 68. Bd7+ f5 69. Rh8 Rh2+ 70. Kg1 Rg2+ 71. Kh1 Rg3 72. Rf8 Rf3 73. Kh2 Rf2+ 74. Kg1 h2+ 75. Kh1 Re2 76. Bxf5+ Kg3 77. Bh3 Re1+ 78. Rf1 Rxe3 79. Bg2 Re2 80. Bxe4 Rxe4 81. Ra1 Re3 82. Rc1 Kh3 83. Rf1 g4 84. Ra1 g3 85. Re1 g2# 0-1


[Site "https://www.chess.com"]

[Event "Titled Tuesday Blitz February 21 Late 2023"]
[White "Urbina Perez, Juan Antonio"]
[Black "EREBUNI91"]
[WhiteFideId "2217368"]
[WhiteElo "2266"]
[BlackElo "2753"]
[Result "1/2-1/2"]
[Round "04"]
[TimeControl "180+2"]
[Date "2023.02.21"]
[WhiteClock "0:00:15"]
[BlackClock "0:00:07"]

1. e4 c5 2. Nf3 d6 3. Bb5+ Nd7 4. d4 cxd4 5. Qxd4 a6 6. Bxd7+ Bxd7 7. Nc3 e5 8. Qd3 h6 9. O-O Rc8 10. Rd1 Nf6 11. Nd2 Qc7 12. a4 Be7 13. Nf1 Be6 14. Ne3 O-O 15. Bd2 Rfd8 16. Be1 Bc4 17. Nxc4 Qxc4 18. Rac1 b5 19. axb5 axb5 20. Nxb5 Nxe4 21. Qxc4 Rxc4 22. b3 Rc6 23. c4 d5 24. f3 Nf6 25. cxd5 Rxc1 26. Rxc1 Rxd5 27. Nc3 Rd3 28. Rd1 Rxd1 29. Nxd1 Nd5 30. Kf2 f6 31. Ke2 Kf7 32. g3 Ke6 33. Bd2 f5 34. Ne3 Nb6 35. Nc4 Nd5 36. Ne3 Nc7 37. g4 g6 38. gxf5+ gxf5 39. Nc4 h5 40. h3 Nd5 41. Be3 Nc7 42. Bd2 Nb5 43. Be3 Bb4 44. Nb2 Bc3 45. Nd3 Bd4 46. Kd2 f4 47. Bf2 Bxf2 48. Nxf2 Nd4 49. Ne4 Nxf3+ 50. Kd3 Nd4 51. b4 Kf5 52. Nd6+ Ke6 53. Ne4 Kf5 54. Nd6+ Kg5 55. b5 f3 56. Ke3 Kh4 57. b6 Kg3 58. b7 Nc6 59. Ne4+ Kg2 60. Nf2 h4 61. Ne4 Nb8 62. Nf2 Kg3 63. Ne4+ Kg2 64. Nf2 Kg3 65. Ne4+ Kxh3 66. Kxf3 Kh2 67. Nf2 h3 68. Kg4 Kg2 69. Nxh3 e4 70. Kf4 e3 71. Kxe3 Kxh3 72. Ke4 Kg4 73. Kd5 Kf5 74. Kd6 Ke4 75. Kc7 Na6+ 76. Kb6 Nb8 77. Kc7 Na6+ 78. Kb6 Nb8 79. Ka7 Nd7 80. b8=Q Nxb8 1/2-1/2


[Site "https://www.chess.com"]

[Event "Titled Tuesday Blitz February 21 Late 2023"]
[White "Bilan, Danila"]
[Black "Leiva, Gianmarco"]
[WhiteFideId "24161918"]
[BlackFideId "3804399"]
[WhiteElo "2303"]
[BlackElo "2392"]
[Result "1-0"]
[Round "04"]
[TimeControl "180+2"]
[Date "2023.02.21"]
[WhiteClock "0:00:13"]
[BlackClock "0:01:46"]

1. d4 Nf6 2. Nf3 e6 3. g3 d5 4. Bg2 Be7 5. O-O O-O 6. c4 Nbd7 7. Qc2 c6 8. Nbd2 b6 9. e4 dxc4 10. Nxc4 Bb7 11. e5 Nd5 12. h4 c5 13. dxc5 Nxc5 14. Ng5 g6 15. Ne4 Nb4 16. Qe2 Nxe4 17. Bxe4 Bxe4 18. Qxe4 Qd3 19. Qxd3 Nxd3 20. Rd1 Rfd8 21. Bg5 Bxg5 22. hxg5 b5 23. Nd6 Nxe5 24. f4 Nc4 25. Nxb5 Nxb2 26. Rxd8+ Rxd8 27. Nxa7 Rd2 28. Nb5 Na4 29. a3 Kg7 30. Rb1 h6 31. gxh6+ Kxh6 32. Rb4 Nc3 33. Nxc3 Rd3 34. Rb3 Rxg3+ 35. Kf2 Rd3 36. a4 Kh5 37. a5 Kg4 38. a6 Rd7 39. Rb7 Rd6 40. a7 Ra6 41. Rxf7 Ra3 42. Nb5 Ra2+ 43. Ke3 Ra3+ 44. Ke4 Ra4+ 45. Kd3 Ra5 46. Kc4 Ra4+ 47. Kc5 Rxf4 48. Rxf4+ Kxf4 49. a8=Q 1-0


[Site "https://www.chess.com"]

[Event "Titled Tuesday Blitz February 21 Late 2023"]
[White "Remolar Gallen, Jose"]
[Black "Korchmar, Vasiliy"]
[WhiteFideId "2215187"]
[BlackFideId "24131750"]
[WhiteElo "2285"]
[BlackElo "2438"]
[Result "1-0"]
[Round "04"]
[TimeControl "180+2"]
[Date "2023.02.21"]
[WhiteClock "0:00:18"]
[BlackClock "0:00:12"]

1. e4 c5 2. Nf3 d6 3. d4 cxd4 4. Nxd4 Nf6 5. Nc3 Nc6 6. Bg5 Bd7 7. Qd2 a6 8. f4 b5 9. a3 e6 10. Be2 Be7 11. Bf3 h6 12. Bxf6 Bxf6 13. Nxc6 Bxc6 14. O-O-O Be7 15. Kb1 a5 16. e5 d5 17. Ne2 b4 18. Nd4 Bd7 19. a4 Bxa4 20. f5 Bd7 21. fxe6 Bxe6 22. Nxe6 fxe6 23. Bh5+ Kd7 24. Qd3 Qb6 25. Bf3 a4 26. Bxd5 exd5 27. Qxd5+ Ke8 28. Qxa8+ Bd8 29. Qxa4+ Kf7 30. Qb3+ Ke7 31. Rd6 Qa5 32. Qe6+ Kf8 33. Rf1+ 1-0


[Site "https://www.chess.com"]

[Event "Titled Tuesday Blitz February 21 Late 2023"]
[White "Martinez Reyes, Pedro Ramon"]
[Black "Msellek, Ilyass"]
[WhiteFideId "3901807"]
[BlackFideId "675938"]
[WhiteElo "2376"]
[BlackElo "2420"]
[Result "0-1"]
[Round "04"]
[TimeControl "180+2"]
[Date "2023.02.21"]
[WhiteClock "0:00:12"]
[BlackClock "0:00:05"]

1. e4 c6 2. d4 d5 3. e5 c5 4. c3 cxd4 5. cxd4 Nc6 6. Nc3 Bf5 7. Nf3 e6 8. Bd3 Bxd3 9. Qxd3 Nge7 10. O-O Nf5 11. a3 Be7 12. g4 Nh4 13. Nxh4 Bxh4 14. Be3 O-O 15. f4 Rc8 16. Rf3 f5 17. g5 h6 18. Kh1 hxg5 19. fxg5 Bxg5 20. Rg1 Bxe3 21. Qxe3 Qh4 22. Rh3 Qxd4 23. Rxg7+ Kxg7 24. Qg5+ Kf7 25. Qf6+ Ke8 26. Qxe6+ Ne7 27. Rh7 Rc7 28. Qd6 Rg8 29. Ne2 Qe4# 0-1


[Site "https://www.chess.com"]

[Event "Titled Tuesday Blitz February 21 Late 2023"]
[White "Trost, Edvin"]
[Black "Toncheva, Nadya"]
[WhiteFideId "1729519"]
[BlackFideId "2924056"]
[WhiteElo "2399"]
[BlackElo "2295"]
[Result "1-0"]
[Round "04"]
[TimeControl "180+2"]
[Date "2023.02.21"]
[WhiteClock "0:01:34"]
[BlackClock "0:00:06"]

1. Nf3 c5 2. b3 d6 3. Bb2 e5 4. g3 Nc6 5. Bg2 g6 6. O-O Bg7 7. c4 Nge7 8. Nc3 O-O 9. Ne1 Be6 10. Nc2 Qd7 11. Ne3 f5 12. Ned5 f4 13. e3 f3 14. Bxf3 Rxf3 15. Qxf3 Bg4 16. Qh1 Nxd5 17. Qxd5+ Be6 18. Qe4 Bf5 19. Qd5+ Be6 20. Qh1 Bh3 21. Nd5 Rf8 22. f4 Bxf1 23. Rxf1 Qg4 24. Qe4 Qe2 25. Rf2 Qd1+ 26. Kg2 exf4 27. Bxg7 Kxg7 28. Nxf4 Kh6 29. h4 Ne5 30. h5 g5 31. d4 gxf4 32. dxe5 f3+ 33. Kh2 Qe1 34. Qc2 Rf5 35. g4 Rxe5 36. Rxf3 Qh4+ 37. Kg2 Qxg4+ 38. Rg3 Qe4+ 39. Qxe4 Rxe4 40. Kf3 Re5 41. Rg8 Kxh5 42. Kf4 h6 43. e4 Re7 44. Rg2 Rf7+ 45. Ke3 Kh4 46. Rg6 h5 47. Rxd6 Kg3 48. Rg6+ Kh3 49. e5 h4 50. e6 Re7 51. Ke4 Kh2 52. Ke5 h3 53. Kd6 Rh7 54. e7 Rh8 55. Kd7 Rh7 56. Kd8 Rxe7 57. Kxe7 Kh1 58. Kd6 h2 59. Kxc5 b5 60. Kxb5 a6+ 61. Kb6 a5 62. Rh6 1-0


[Site "https://www.chess.com"]

[Event "Titled Tuesday Blitz February 21 Late 2023"]
[White "Leenhouts, Koen"]
[Black "Bjelobrk, Igor"]
[WhiteFideId "1008439"]
[BlackFideId "4300726"]
[WhiteElo "2447"]
[BlackElo "2403"]
[Result "0-1"]
[Round "04"]
[TimeControl "180+2"]
[Date "2023.02.21"]
[WhiteClock "0:00:07"]
[BlackClock "0:00:18"]

1. d4 e6 2. c4 Bb4+ 3. Bd2 a5 4. Nc3 d5 5. e3 Nf6 6. Nf3 O-O 7. Be2 b6 8. O-O Bb7 9. Rc1 Nbd7 10. a3 Be7 11. cxd5 exd5 12. Bd3 c5 13. dxc5 bxc5 14. Re1 Re8 15. Bb1 Bf8 16. Nb5 Qb6 17. a4 g6 18. Bc3 Bg7 19. b3 Re7 20. h3 Rae8 21. Qd2 d4 22. exd4 Bxf3 23. gxf3 cxd4 24. Bxa5 Rxe1+ 25. Rxe1 Rxe1+ 26. Qxe1 Qc6 27. Nxd4 Qd5 28. Bc3 Qg5+ 29. Kf1 Qh4 30. Kg2 Nd5 31. Qe8+ Nf8 32. Ne6 fxe6 33. Bxg7 Kxg7 34. Be4 Nf4+ 35. Kf1 Qxh3+ 36. Ke1 Qh1+ 37. Kd2 Qf1 38. Qe7+ Kg8 39. Qc5 Qe2+ 40. Kc3 Qe1+ 41. Kb2 Qxe4 42. Qxf8+ Kxf8 43. fxe4 Ke7 44. a5 Kd7 45. b4 Kc6 46. Kc3 Kb5 47. Kd4 h5 0-1


[Site "https://www.chess.com"]

[Event "Titled Tuesday Blitz February 21 Late 2023"]
[White "Costachi, Mihnea"]
[Black "Garcia, Gabriel Gonzaga"]
[WhiteFideId "1217518"]
[BlackFideId "2138956"]
[WhiteElo "2476"]
[BlackElo "2091"]
[Result "1-0"]
[Round "04"]
[TimeControl "180+2"]
[Date "2023.02.21"]
[WhiteClock "0:01:40"]
[BlackClock "0:01:29"]

1. Nc3 Nf6 2. e4 d5 3. e5 d4 4. exf6 dxc3 5. fxg7 cxd2+ 6. Qxd2 Qxd2+ 7. Bxd2 Bxg7 8. O-O-O Bf5 9. Nf3 Nd7 10. Bc4 Ne5 11. Nxe5 Bxe5 12. Rhe1 Bd6 13. f3 Rg8 14. g4 Bg6 15. h4 h5 16. Bg5 O-O-O 17. Bxe7 Bf4+ 18. Kb1 Rxd1+ 19. Rxd1 Re8 20. Bf6 Re3 21. Rd8# 1-0


[Site "https://www.chess.com"]

[Event "Titled Tuesday Blitz February 21 Late 2023"]
[White "Fus, Jakub"]
[Black "Florescu, Codrut-Constantin"]
[WhiteFideId "1193023"]
[BlackFideId "1202200"]
[WhiteElo "2417"]
[BlackElo "2259"]
[Result "0-1"]
[Round "04"]
[TimeControl "180+2"]
[Date "2023.02.21"]
[WhiteClock "0:01:07"]
[BlackClock "0:00:29"]

1. e4 c5 2. Nf3 e6 3. d4 cxd4 4. Nxd4 a6 5. Bd3 Bc5 6. Nb3 Ba7 7. Qg4 Nf6 8. Qe2 d6 9. O-O Nc6 10. Be3 O-O 11. a4 e5 12. Nc3 Be6 13. Bxa7 Rxa7 14. Bc4 Qe7 15. Rfd1 Raa8 16. a5 Rad8 17. Rd2 g6 18. Rad1 Nh5 19. Bxe6 fxe6 20. g3 Nf6 21. Rd3 Rd7 22. Na4 Rf7 23. Nb6 Rd8 24. Kg2 Qc7 25. Qe1 Ne8 26. f3 Qe7 27. c4 Rb8 28. c5 dxc5 29. Rd7 Qf8 30. Rxf7 Qxf7 31. Nxc5 Nd4 32. Qe3 Nf6 33. Nc4 Qc7 34. Nxe5 Qxc5 35. Qxd4 Qxa5 36. Nc6 bxc6 37. Qxf6 Qa2 38. Rd7 Qxb2+ 39. Kh3 Qxf6 0-1


[Site "https://www.chess.com"]

[Event "Titled Tuesday Blitz February 21 Late 2023"]
[White "Taboas Rodriguez, Daniel"]
[Black "Jaracz, Pawel"]
[WhiteFideId "2208466"]
[BlackFideId "1102222"]
[WhiteElo "2371"]
[BlackElo "2467"]
[Result "0-1"]
[Round "04"]
[TimeControl "180+2"]
[Date "2023.02.21"]
[WhiteClock "0:01:02"]
[BlackClock "0:00:44"]

1. d4 Nf6 2. Nf3 c5 3. d5 b5 4. Bg5 Ne4 5. Bf4 d6 6. Nbd2 Nf6 7. e4 a6 8. a4 b4 9. Bd3 g6 10. O-O Bg7 11. Re1 O-O 12. h3 Nh5 13. Bh2 Bxb2 14. Nc4 Bxa1 15. Qxa1 f6 16. Nfd2 Bb7 17. f4 Nd7 18. a5 Ng7 19. Be2 f5 20. Bf3 fxe4 21. Bxe4 Nf6 22. Nb6 Nxe4 23. Nxe4 Rb8 24. Ng5 Bc8 25. Rd1 h6 26. Nf3 Qe8 27. Re1 Bf5 28. Qd1 Bd7 29. Qe2 Bb5 30. Qxe7 Qxe7 31. Rxe7 Rbe8 32. Rc7 Re2 33. Nh4 Rxc2 34. Nxg6 b3 35. Nxf8 b2 36. Bg3 b1=Q+ 37. Kh2 Qf1 0-1


[Site "https://www.chess.com"]

[Event "Titled Tuesday Blitz February 21 Late 2023"]
[White "Przybylski, Wojciech"]
[Black "Soham Kamotra"]
[WhiteFideId "1117599"]
[BlackFideId "46647490"]
[WhiteElo "2321"]
[BlackElo "2319"]
[Result "0-1"]
[Round "04"]
[TimeControl "180+2"]
[Date "2023.02.21"]
[WhiteClock "0:00:10"]
[BlackClock "0:00:12"]

1. e4 c5 2. Nf3 b6 3. Nc3 Bb7 4. Bc4 e6 5. O-O d6 6. a4 a6 7. Re1 Be7 8. d4 cxd4 9. Nxd4 Nf6 10. Bg5 Qc8 11. Qe2 Nbd7 12. Bxe6 fxe6 13. Nxe6 Kf7 14. Nd4 Re8 15. f4 Bf8 16. Kh1 Kg8 17. Qf3 h6 18. Bh4 Qc5 19. Rad1 Qh5 20. Nf5 Qxf5 21. exf5 Bxf3 22. gxf3 Rxe1+ 23. Bxe1 Re8 24. Bf2 Nc5 25. b4 Ncd7 26. Kg2 Rc8 27. Bd4 Rc4 28. b5 axb5 29. axb5 d5 30. Kg3 Bc5 31. Bxf6 Nxf6 32. Nxd5 Nxd5 33. Rxd5 Rxc2 34. Rd7 Rb2 35. Kg4 Rxb5 36. f6 gxf6 37. Kf5 Bf8+ 38. Kxf6 Rb3 39. f5 Rxf3 40. Rb7 Rb3 41. Kg6 Rb2 42. f6 Rg2+ 43. Kf5 Rxh2 44. Rxb6 Rg2 45. Rb7 Rg5+ 46. Ke6 h5 47. Rb3 Kh7 48. Rb7+ Kg6 49. Rb8 Bh6 50. Rg8+ Kh7 51. Ra8 Rg2 52. f7 Re2+ 53. Kf6 Rf2+ 54. Ke6 Bg7 55. Ra7 Kg6 56. Ra6 Rf6+ 57. Ke7 Rxa6 58. f8=Q Bxf8+ 59. Ke8 Kf6 60. Kd7 Rd6+ 61. Kc7 h4 62. Kc8 h3 63. Kb7 h2 64. Kc7 h1=Q 65. Kc8 Qa8+ 66. Kc7 Qd8+ 67. Kb7 Rb6+ 68. Ka7 Qb8# 0-1


[Site "https://www.chess.com"]

[Event "Titled Tuesday Blitz February 21 Late 2023"]
[White "Perske, Thore"]
[Black "Zochowski, Kacper"]
[WhiteFideId "12902195"]
[BlackFideId "1125494"]
[WhiteElo "2448"]
[BlackElo "2262"]
[Result "1-0"]
[Round "04"]
[TimeControl "180+2"]
[Date "2023.02.21"]
[WhiteClock "0:00:34"]
[BlackClock "0:00:18"]

1. e4 d6 2. Nf3 Nf6 3. d3 e5 4. g3 Be7 5. Bg2 O-O 6. O-O c6 7. a4 Nbd7 8. Nc3 Re8 9. h3 Bf8 10. Nh2 Qc7 11. f4 b6 12. f5 Bb7 13. g4 Nc5 14. g5 Nfd7 15. h4 a6 16. b4 Nxa4 17. Rxa4 a5 18. bxa5 b5 19. Ra1 b4 20. Ne2 d5 21. Ng4 Nc5 22. Be3 dxe4 23. dxe4 Rxa5 24. h5 b3 25. cxb3 Rxa1 26. Qxa1 Nxb3 27. Qc3 Nd4 28. Nxd4 exd4 29. Bxd4 c5 30. Be5 Qb6 31. h6 c4+ 32. Kh1 Bb4 33. Qg3 Bxe4 34. Bxe4 c3 35. hxg7 c2 36. Bxc2 Qc6+ 37. Qg2 Rc8 38. Nh6+ Qxh6+ 39. gxh6 Be7 40. Qb7 Bf6 41. Qxc8+ 1-0


[Site "https://www.chess.com"]

[Event "Titled Tuesday Blitz February 21 Late 2023"]
[White "Mikhalsky, Vladimir"]
[Black "Sokolovsky, Yahli"]
[WhiteFideId "14144352"]
[BlackFideId "2820242"]
[WhiteElo "2219"]
[BlackElo "2461"]
[Result "1-0"]
[Round "04"]
[TimeControl "180+2"]
[Date "2023.02.21"]
[WhiteClock "0:00:10"]
[BlackClock "0:00:01"]

1. c4 d6 2. d4 e5 3. Nf3 e4 4. Ng5 f5 5. h4 Be7 6. g3 Nf6 7. Nc3 c6 8. d5 c5 9. Bh3 O-O 10. Be3 Ne8 11. Qd2 Nc7 12. Nb5 Nxb5 13. cxb5 h6 14. Ne6 Bxe6 15. dxe6 d5 16. O-O-O d4 17. Bxh6 gxh6 18. Qxh6 Qe8 19. g4 Rf6 20. Qf4 fxg4 21. Qxg4+ Qg6 22. Rhg1 Qxg4 23. Rxg4+ Kh7 24. Rdg1 Bf8 25. e7 Bh6+ 26. Kd1 Nd7 27. Rg8 Rxg8 28. Rxg8 Kxg8 29. Bxd7 1-0


[Site "https://www.chess.com"]

[Event "Titled Tuesday Blitz February 21 Late 2023"]
[White "Aydincelebi, Kagan"]
[Black "ArchibaldCerveza29"]
[WhiteFideId "6361102"]
[WhiteElo "2280"]
[BlackElo "2503"]
[Result "1-0"]
[Round "04"]
[TimeControl "180+2"]
[Date "2023.02.21"]
[WhiteClock "0:00:22"]
[BlackClock "0:00:20"]

1. e4 e5 2. Nf3 Nc6 3. Bb5 g6 4. O-O Bg7 5. c3 a6 6. Ba4 Nge7 7. d4 exd4 8. cxd4 b5 9. Bb3 O-O 10. Nc3 d6 11. h3 Na5 12. Bc2 c5 13. Bf4 Nc4 14. b3 Na3 15. Bd3 cxd4 16. Ne2 d5 17. e5 Nc6 18. Nexd4 Nxd4 19. Nxd4 Re8 20. Re1 Qb6 21. Bf1 Bb7 22. Qd2 Rac8 23. Rac1 Rxc1 24. Rxc1 Bxe5 25. Bxe5 Rxe5 26. Nf3 Re6 27. Qh6 Re7 28. Qf4 b4 29. Qb8+ Kg7 30. Rc8 Qe6 31. Rg8+ Kf6 32. Qf4+ Qf5 33. Qh4+ g5 34. Qh6+ Qg6 35. Rxg6+ fxg6 36. Qxg5+ Kf7 37. Ne5+ Ke8 38. Qf6 Nb5 39. Qh8# 1-0


[Site "https://www.chess.com"]

[Event "Titled Tuesday Blitz February 21 Late 2023"]
[White "Nilsson, Joakim"]
[Black "Fiorito, Joaquin"]
[WhiteFideId "1723383"]
[BlackFideId "180173"]
[WhiteElo "2188"]
[BlackElo "2405"]
[Result "1/2-1/2"]
[Round "04"]
[TimeControl "180+2"]
[Date "2023.02.21"]
[WhiteClock "0:00:20"]
[BlackClock "0:00:10"]

1. d4 Nf6 2. Bf4 d5 3. e3 c5 4. Nc3 a6 5. Nf3 cxd4 6. exd4 Bg4 7. Be2 Nc6 8. Ne5 Bxe2 9. Nxe2 e6 10. O-O Nxe5 11. Bxe5 Bd6 12. Bxd6 Qxd6 13. c3 O-O 14. a4 Rab8 15. a5 Rfc8 16. Qd3 b5 17. axb6 Rxb6 18. Ra2 Rcb8 19. b4 e5 20. dxe5 Qxe5 21. Rfa1 Ne4 22. h3 Qf6 23. Nd4 Rc8 24. Nf3 Qxc3 25. Qxd5 Nf6 26. Qf5 g6 27. Qf4 Rxb4 28. Qd6 Ne4 29. Qe7 Qc5 30. Qd7 a5 31. Ne5 Rf8 32. Nd3 Qd4 33. Qxd4 Rxd4 34. Ne5 Nc5 35. Rxa5 Nb3 36. R5a4 Rd5 37. R1a3 Nc5 38. Ng4 Rd1+ 39. Kh2 Nxa4 40. Rxa4 h5 41. Ne3 Rd6 42. g4 hxg4 43. hxg4 Re6 44. Kg3 Rd8 45. Rf4 Kg7 46. Ra4 Red6 47. Ra5 Rd2 48. Ra7 Rb2 49. Ra4 Rdd2 50. Rf4 Rd3 51. Rf3 Rb8 52. Nf5+ gxf5 53. Rxd3 fxg4 54. Kxg4 Rb4+ 55. f4 Kg6 56. Rd6+ f6 57. Ra6 Rb1 58. f5+ Kg7 59. Ra7+ Kh6 60. Rf7 Rb4+ 61. Kf3 Kg5 62. Rc7 Rb5 63. Kg3 Rb3+ 64. Kf2 Kxf5 65. Re7 Kf4 66. Rc7 Rb4 67. Kf1 f5 68. Rc3 Rb2 69. Ra3 Kg4 70. Rd3 f4 71. Ra3 Rh2 72. Kg1 Rc2 73. Kf1 Rc1+ 74. Kf2 Rc7 75. Kg2 Rc2+ 76. Kf1 Rd2 77. Kg1 f3 78. Ra8 Rd1+ 79. Kf2 Rd2+ 80. Kf1 Rh2 81. Rg8+ Kf4 82. Rf8+ Ke4 83. Re8+ Kd4 84. Rd8+ Ke5 85. Re8+ Kf5 86. Rf8+ Kg4 87. Rg8+ Kf4 88. Rf8+ Ke4 89. Re8+ Kf5 90. Rf8+ Kg4 91. Rg8+ 1/2-1/2


[Site "https://www.chess.com"]